 Dungeon Crawl Stone Soup version 0.30.0-29-ga12c61a403 (webtiles) character file.

Game seed: 9580651064924739760

23 TrayleKats the Digger (level 2, -1/15 HPs)
             Began as a Deep Elf Earth Elementalist on June 10, 2023.
             Slain by a gnoll
             ... wielding a +0 whip
              (4 damage)
             ... on level 2 of the Dungeon.
             The game lasted 00:02:21 (974 turns).

TrayleKats the Digger (Deep Elf Earth Elementalist)  Turns: 974, Time: 00:02:21

Health: -1/15      AC:  4    Str:  5    XL:     2   Next: 75%
Magic:  5/8        EV: 12    Int: 19    God:
Gold:   36         SH:  0    Dex: 15    Spells: 7/8 levels left

rFire   . . .        (no weapon)
rCold   . . .        (no shield)
rNeg    . . .        a - +0 robe
rPois   .            (no helmet)
rElec   .            f - +0 cloak
rCorr   .            l - +0 pair of gloves
SInv    .            (no boots)
Will    .....        (no amulet)
Stlth   ++           (no ring)
HPRegen 0.22/turn    (no ring)
MPRegen 0.11/turn

%: no passive effects
@: no status effects
A: no striking features
a: no special abilities


You were on level 2 of the Dungeon.
You visited 1 branch of the dungeon, and saw 2 of its levels.

You collected 36 gold pieces.

Inventory:

Hand Weapons
 j - a +1 antimagic short sword
Missiles
 i - 6 boomerangs
Armour
 a - a +0 robe (worn)
 f - a +0 cloak (worn)
 l - a +0 pair of gloves (worn)
Scrolls
 d - 2 scrolls of identify {unknown}
 g - a scroll of poison {unknown}
Potions
 b - a potion of magic
 c - a potion of berserk rage {unknown}
 e - a potion of heal wounds {unknown}
 h - 2 potions of degeneration {unknown}
 k - a potion of haste {unknown}


   Skills:
 - Level 2.4 Dodging
 - Level 2.4 Stealth
 + Level 3.6 Spellcasting
 - Level 1.1 Transmutations
 + Level 4.1 Earth Magic


You had 7 spell levels left.
You knew the following spells:

 Your Spells              Type           Power      Damage    Failure   Level
a - Sandblast             Erth           38%        2d10      2%          1

Your spell library contained the following spells:

 Spells                   Type           Power      Damage    Failure   Level
 Passwall                 Tmut/Erth      10%        N/A       8%          2
 Stone Arrow              Conj/Erth      22%        3d8       19%         3
 Petrify                  Tmut/Erth      13%        N/A       43%         4


Dungeon Overview and Level Annotations

Branches:
Dungeon (2/15)

Altars:


Message History

You kill the bat!
A gnoll comes into view. It is wielding a +0 spear.
The gnoll shouts!
You hear a shout!
The bat hits you but does no damage.
A gnoll comes into view. It is wielding a +0 halberd.
A gnoll comes into view. It is wielding a +0 whip.
Casting: Sandblast (safe; 2% risk of failure)
Confirm with . or Enter, or press ? or * to list all spells.
Aiming: Sandblast (safe; 2% risk of failure)
Press: ? - help, Shift-Dir - straight line, f - bat
Aim: a bat (73% to hit)
The blast of sand misses the bat.
The gnoll shouts!
The bat misses you. The bat hits you.
Casting: Sandblast (safe; 2% risk of failure)
Confirm with . or Enter, or press ? or * to list all spells.
Aiming: Sandblast (safe; 2% risk of failure)
Press: ? - help, Shift-Dir - straight line, f/p - bat
Aim: a bat (73% to hit)
The blast of sand hits the bat.
You kill the bat!
Casting: Sandblast (safe; 2% risk of failure)
Confirm with . or Enter, or press ? or * to list all spells.
Aiming: Sandblast (safe; 2% risk of failure)
Press: ? - help, Shift-Dir - straight line, f - gnoll
Aim: a gnoll, wielding a +0 whip (84% to hit)
The blast of sand hits the gnoll.
The gnoll is moderately wounded.
The gnoll throws a throwing net.
The throwing net hits you.
You become entangled in the net!
You struggle against the net.
You tear a large gash into the net.
You struggle against the net.
The gnoll hits you from afar with a +0 halberd!
You shred the net and break free! The gnoll barely misses you. x2
The gnoll attacks as you move away! The gnoll hits you with a +0 whip.
* * * LOW HITPOINT WARNING * * *
The gnoll throws a throwing net.
The throwing net misses you. The gnoll attacks as you move away!
The gnoll hits you with a +0 whip.
You die...

......... . #......#
####### # #......#
#.....### ###......#
#.....##.
.........######......#.
#....(............#.
###.................#.
#.....................
#...g@........###+###.
#...########### #...'(
.##+####...# #####.
...........# #########.
...........# #.......#.
...........# #.........
...........# #.........
...........# #.........
........#### #.........


You could see a gnoll.

Vanquished Creatures
  A dart slug (D:1)
  6 bats
  3 endoplasms (D:1)
  A giant cockroach (D:1)
  A hobgoblin (D:2)
  A quokka (D:1)
  2 ball pythons
  3 frilled lizards
  A kobold (D:2)
  2 rats
21 creatures vanquished.

Notes
Turn   | Place    | Note
-------+----------+-------------------------------------------
     0 | D:1      | TrayleKats the Deep Elf Earth Elementalist began the quest
                  | for the Orb.
     0 | D:1      | Reached XP level 1. HP: 10/10 MP: 6/6
   298 | D:1      | Reached XP level 2. HP: 15/15 MP: 6/8
   778 | D:2      | Reached skill level 4 in Earth Magic
   974 | D:2      | Slain by a gnoll

Illustrated notes

Levels and vault maps discovered:
D:1:      minmay_arrival_radiant_lines, layout_basic
D:2:      layout_basic

Skill      XL: |  1  2 |
---------------+-------+-----
Earth Magic    | 4 |  4.1
Dodging        | |  2.4
Stealth        | |  2.4
Spellcasting   | |  3.6
Transmutations | |  1.1

Action                     || total
---------------------------++-------
   Cast: Sandblast         ||    29
 Armour: Robe              ||     2
  Dodge: Dodged            ||    10
